AoeStats
← Homer 1933

Black Forest

505879222Analyzed
1v1 RM · 21d ago on Sep 11, 2026· 29m 34s· 2 players
Game mode
Random Map
Map size
Tiny (2 player)
Population
200
Speed
Normal
Resources
Standard
Victory
Conquest
Starting age
Dark Age
Ending age
Imperial Age
RankedLock teamsTeams togetherTeam positionsShared explorationLock speedFull tech treeHidden civsTurbo modeCheats
Victory
Defeat
🇧🇪 Bengalis · Belgium
899
+18
🇩🇪 Teutons · Germany
934
-18
Homer 1933
0:47 Loom
15:50 Feudal Age
16:25 Horse Collar
16:31 Double-Bit Axe
16:39 Gold Mining
16:42 Stone Mining
19:19 Wheelbarrow
19:21 Wheelbarrow
25:38 Castle Age
24:04 Fletching
24:14 Padded Archer Armor
25:20 Forging
25:40 Pikeman
bubba
5:06 Loom
14:54 Feudal Age
20:30 Castle Age
19:04 Bloodlines
19:39 Double-Bit Axe
19:36 Horse Collar
25:52 Husbandry
29:58 Fletching
30:17 Scale Barding Armor
Connection lost

Rejoining the realm…

Still unreachable

The connection could not be restored.

Session expired

The server has moved on; the page needs a fresh start.